 Dungeon Crawl Stone Soup version 0.27.1-34-g3ba077fa99 (webtiles) character file.

Game seed: 15171618687892582989

13899 pkoi the Stormcaller (level 11, -3/77 HPs)
             Began as a Red Draconian Air Elementalist on Jan 4, 2022.
             Was an Initiate of Gozag.
             Shot with an arrow by a centaur warrior (17 damage)
             ... on level 10 of the Dungeon.
             The game lasted 00:28:00 (20394 turns).

pkoi the Stormcaller (DrAE)                        Turns: 20394, Time: 00:28:00

Health: -3/77      AC:  9    Str: 18    XL:     11   Next: 81%
Magic:  20/20      EV: 12    Int: 18    God:    Gozag
Gold:   796        SH:  5    Dex: 11    Spells: 15/22 levels left

rFire    + . .     SeeInvis .   u - +5 spear (venom)
rCold    + . .     Faith    .   (no shield)
rNeg     . . .     Spirit   .   (armour unavailable)
rPois    .         Reflect  +   (helmet restricted)
rElec    .         Harm     .   (no cloak)
rCorr    .         Rampage  .   e - +1 pair of gloves
Will     .....                  (no boots)
Stlth    ++........             n - amulet of reflection
HPRegen  0.22/turn              h - ring of protection from cold
MPRegen  0.17/turn              d - +6 ring of strength

@: no status effects
A: breathe fire, AC +7, unfitting armour, fire resistance 1, cold-blooded
a: Breathe Fire, Renounce Religion, Potion Petition, Call Merchant, Bribe Branch


You were on level 10 of the Dungeon.
You worshipped Gozag.
Gozag was pleased with you.
You visited 2 branches of the dungeon, and saw 11 of its levels.

You collected 1350 gold pieces.
You paid 554 gold pieces to Gozag.

Inventory:

Hand Weapons
 r - a +2 dagger of venom
 u - a +5 spear of venom (weapon)
Missiles
 f - 9 atropa-tipped darts
 m - 39 poisoned darts
Armour
 e - a +1 pair of gloves (worn)
Jewellery
 d - a +6 ring of strength (right hand)
 h - a ring of protection from cold (left hand)
 n - an amulet of reflection (around neck)
 s - a ring of see invisible
Wands
 k - a wand of iceblast (8)
 l - a wand of digging (2)
 q - a wand of flame (46)
 y - a wand of charming (7)
Scrolls
 a - a scroll of enchant weapon
 b - a scroll of teleportation
 g - a scroll of fear
 i - 2 scrolls of silence
 v - 4 scrolls of enchant armour
 z - a scroll of vulnerability {unknown}
Potions
 c - 4 potions of attraction {unknown}
 j - 3 potions of heal wounds
 o - a potion of flight {unknown}
 p - a potion of might
 t - a potion of ambrosia
 w - a potion of cancellation {unknown}
 x - a potion of mutation {unknown}


   Skills:
 - Level 1.0 Fighting
 - Level 2.1 Dodging
 - Level 1.7 Stealth
 - Level 6.0 Spellcasting
 - Level 7.7 Conjurations
 + Level 15.8 Air Magic


You had 15 spell levels left.
You knew the following spells:

 Your Spells              Type           Power      Damage    Failure   Level
b - Swiftness             Air            58%        N/A       1%          3
c - Airstrike             Air            29%        N/A       1%          4

Your spell library contained the following spells:

 Spells                   Type           Power      Damage    Failure   Level
 Shock                    Conj/Air       100%       1d9       1%          1
 Static Discharge         Conj/Air       47%        N/A       1%          2
 Frozen Ramparts          Ice            10%        1d3       34%         3
 Inner Flame              Hex/Fire       5%         N/A       34%         3
 Summon Guardian Golem    Hex/Summ       5%         N/A       34%         3
 Cause Fear               Hex            2%         N/A       75%         4
 Ice Form                 Ice/Tmut       5%         N/A       75%         4
 Summon Ice Beast         Ice/Summ       5%         N/A       75%         4
 Summon Mana Viper        Hex/Summ       5%         N/A       97%         5
 Orb of Destruction       Conj           16%        9d8       99%         7
 Monstrous Menagerie      Summ           2%         N/A       100%        7
 Spellforged Servitor     Conj/Summ      9%         N/A       100%        7
 Discord                  Hex            2%         N/A       100%        8


Dungeon Overview and Level Annotations

Branches:
Dungeon (10/15)            Temple (1/1) D:7
   Lair: D:8-11         Orc: D:9-12

Altars:
Ashenzari
Cheibriados
Dithmenos
Elyvilon
Fedhas
Gozag
Hepliaklqana
Kikubaaqudgha
Makhleb
Nemelex Xobeh
Okawaru
Qazlal
Sif Muna
Trog
Uskayaw
Vehumet
Xom
Yredelemnul
Zin
The Shining One

Shops:
D:1 =   D:7 :   D:10 :

Portals:
Abyss: D:6

Annotations:
D:4 1 runed translucent door, Crazy Yiuf
D:6 2 transporters, KrombopulosMichael's ghost, weakling FoDe


Innate Abilities, Weirdness & Mutations

You can breathe blasts of fire.
Your fiery red scales are hard. (AC +7)
You cannot fit into any form of body armour.
Your flesh is heat resistant. (rF+)
You are cold-blooded and may be slowed by cold attacks.


Message History

You can't see any susceptible monsters within range! (Use Z to cast anyway.)
You start resting.
HP restored.
You start resting.
Magic restored.
You now have 750 gold pieces (gained 45).
z - a scroll labelled EMNU XUNAFA
Things that are here:
a +0 falchion; 4 boomerangs; a +0 leather armour of cold resistance You now have 779 gold pieces (gained 29).
Things that are here:
a +0 broad axe; 6 boomerangs; a +0 chain mail You now have 785 gold pieces (gained 6).
You see here a +0 flail.
You now have 790 gold pieces (gained 5).
Things that are here:
a +0 leather armour; a +0 morningstar You now have 796 gold pieces (gained 6).
There is an open door here.
Things that are here:
a +0 leather armour; a +0 club
There is an open door here.
The fire giant shouts!
There is an open door here.
A fire giant is nearby!
The fire giant gestures at you while chanting.
The fireball explodes!
The fireball engulfs you!! You resist.
You hear a shout!
The centaur warrior shoots an arrow.
The arrow closely misses you.
The centaur warrior shoots an arrow.
The arrow hits you!
* * * LOW HITPOINT WARNING * * *
The fire giant points at you and mumbles some strange words.
The fireball explodes!
The fireball engulfs you! You resist.
* * * LOW HITPOINT WARNING * * *
You hear a shout!
The centaur warrior shoots an arrow.
The arrow hits you!
* * * LOW HITPOINT WARNING * * *
The centaur warrior shoots an arrow.
The arrow hits you!
You die...
Your body crumbles into a pile of gold.

....#♣♣...Y♣.♣....♣♣#.#########.#
♣.♣.#♣....♣.♣.♣(...♣#.# #...
♣.♣.#.....♣♣♣♣♣.....#.# #..# ♣
♣♣#♣....♣.♣.♣....♣#.# #..#
#####♣♣....♣(♣[...♣♣#.# #..#
....########)########.# #..#
###......c......).....# #...
###.......C.....##...(###########
.###c##########.@..[.............
♣♣.#.# #..#.###...[.......
.....###### #..#.# #.#...<...).
..........# #....# #.##########
....#####.#######..# #...........
c...# #.##.......# ############
....# #.##.......# #...........
#...# #.##......(# #.#......(..
#...#####.##......># #.#.........


You could see a fire giant and a centaur warrior.

Vanquished Creatures
  Snorg (D:10)
  Erolcha (D:9)
  6 two-headed ogres
  A gargoyle (D:10)
  3 unseen horrors (D:10)
  Psyche (D:9)
  A kobold demonologist (D:10)
  3 trolls
  A wyvern (D:9)
  2 wraiths (D:10)
  A shadow (D:10)
  3 yaks
  A steam dragon (D:7)
  An acid dragon (D:10)
  6 orc warriors
  2 sky beasts
  A meliai simulacrum (D:10)
  3 ice beasts
  A necrophage (D:8)
  6 centaurs
  2 kobold brigands
  5 bullfrogs
  3 gnoll sergeants
  2 killer bees (D:10)
  22 wights
  9 howler monkeys
  5 electric eels (D:7)
  6 centaur zombies
  4 orc priests
  4 hounds
  Jessica (D:3)
  A bullfrog skeleton (D:5)
  3 iguanas
  6 orc wizards
  2 killer bee zombies
  A howler monkey zombie (D:5)
  Robin (D:2)
  5 adders
  18 gnolls
  A shadow imp (D:7)
  An adder skeleton (D:4)
  A worm (D:2)
  2 dart slugs (D:1)
  27 orcs
  8 endoplasms
  7 hobgoblins
  2 jackals (D:3)
  4 quokkas
  4 ball pythons
  6 bats
  A frilled lizard (D:1)
  12 goblins
  12 kobolds
  5 rats
  A spectral orc (D:6)
239 creatures vanquished.

Vanquished Creatures (others)
  44 plants (D:7)
44 creatures vanquished.

Grand Total: 283 creatures vanquished

Notes
Turn   | Place    | Note
-------+----------+-------------------------------------------
     0 | D:1      | pkoi the Draconian Air Elementalist began the quest for the
                  | Orb.
     0 | D:1      | Reached XP level 1. HP: 14/14 MP: 3/3
   269 | D:1      | Reached XP level 2. HP: 20/20 MP: 3/5
   678 | D:1      | Reached skill level 4 in Air Magic
  1101 | D:1      | Found a faded altar of an unknown god.
  1204 | D:1      | Found Roceg's Jewellery Boutique.
  1393 | D:2      | Reached XP level 3. HP: 26/26 MP: 0/6
  1487 | D:2      | Learned a level 3 spell: Swiftness
  2207 | D:3      | Noticed Robin
  2398 | D:2      | Killed Robin
  2399 | D:2      | Reached XP level 4. HP: 28/33 MP: 1/7
  2515 | D:3      | Reached skill level 5 in Air Magic
  3078 | D:3      | Noticed Jessica
  3090 | D:3      | Killed Jessica
  3242 | D:3      | Reached XP level 5. HP: 38/38 MP: 4/8
  3317 | D:3      | Learned a level 4 spell: Airstrike
  3436 | D:4      | Reached skill level 6 in Air Magic
  4049 | D:4      | Found a runed translucent door.
  4050 | D:4      | Noticed Crazy Yiuf
  4401 | D:5      | Entered Level 5 of the Dungeon
  4771 | D:4      | Reached XP level 6. HP: 36/45 MP: 1/9
  4922 | D:5      | Reached skill level 7 in Air Magic
  5896 | D:6      | Reached skill level 8 in Air Magic
  5896 | D:6      | Your scales start taking on a fiery red colour.
  5896 | D:6      | Reached XP level 7. HP: 45/50 MP: 5/10
  5896 | D:6      | Gained mutation: Your flesh is heat resistant. (rF+) [Red
                  | Draconian growth]
  5966 | D:6      | Found a one-way gate to the infinite horrors of the Abyss.
  5966 | D:6      | Noticed KrombopulosMichael's ghost (weakling FoDe)
  5976 | D:6      | Found a transporter.
  5984 | D:6      | Found a transporter.
  6429 | D:6      | Reached skill level 9 in Air Magic
  6539 | D:6      | Found a hazy altar of Hepliaklqana.
  7042 | D:6      | Noticed a green ugly thing
  7180 | D:7      | Reached XP level 8. HP: 31/57 MP: 0/11
  7528 | D:7      | Noticed a troll
  7536 | D:7      | Killed a troll
  7537 | D:7      | Reached skill level 10 in Air Magic
  7841 | D:7      | Reached skill level 11 in Air Magic
  8153 | D:7      | Found a shadowy altar of Dithmenos.
  8640 | D:7      | Found Voqihist's Book Shop.
  8779 | D:7      | Reached XP level 9. HP: 60/62 MP: 2/12
  8783 | D:7      | Found a staircase to the Ecumenical Temple.
  8795 | Temple   | Entered the Ecumenical Temple
  8901 | Temple   | Became a worshipper of Gozag Ym Sagoz the Greedy
  8928 | D:7      | Reached skill level 12 in Air Magic
 10109 | D:7      | Found a hide-covered altar of Uskayaw.
 10995 | D:8      | Reached skill level 1 in Fighting
 11101 | D:8      | Noticed a two-headed ogre
 11118 | D:8      | Killed a two-headed ogre
 11119 | D:8      | Reached skill level 13 in Air Magic
 12348 | D:8      | Reached XP level 10. HP: 65/71 MP: 17/17
 12964 | D:9      | Noticed a two-headed ogre
 12971 | D:9      | Killed a two-headed ogre
 12972 | D:9      | Reached skill level 5 in Spellcasting
 13184 | D:9      | Noticed a two-headed ogre
 13190 | D:9      | Killed a two-headed ogre
 14257 | D:9      | Noticed Erolcha
 14268 | D:9      | Killed Erolcha
 14269 | D:9      | Reached skill level 14 in Air Magic
 14470 | D:9      | Found an ancient bone altar of Kikubaaqudgha.
 14481 | D:9      | Noticed Psyche
 14628 | D:9      | Found a glowing golden altar of the Shining One.
 14929 | D:9      | Killed Psyche
 15111 | D:9      | Found an iron altar of Okawaru.
 15476 | D:10     | Entered Level 10 of the Dungeon
 15704 | D:10     | Reached skill level 5 in Conjurations
 15705 | D:10     | Noticed Snorg
 15821 | D:10     | Killed Snorg
 15822 | D:10     | Reached XP level 11. HP: 57/77 MP: 8/20
 16386 | D:10     | Noticed a two-headed ogre
 16409 | D:10     | Killed a two-headed ogre
 17901 | D:10     | Reached skill level 15 in Air Magic
 18721 | D:10     | Noticed a two-headed ogre
 18843 | D:10     | Killed a two-headed ogre
 19371 | D:10     | Noticed a fire giant
 19596 | D:10     | Noticed a two-headed ogre
 19615 | D:10     | Killed a two-headed ogre
 19814 | D:10     | Noticed a tengu warrior
 19826 | D:10     | Noticed a centaur warrior
 20178 | D:10     | Found a glowing silver altar of Zin.
 20394 | D:10     | Shot with an arrow by a centaur warrior

Illustrated notes

Levels and vault maps discovered:
D:1:      dpeg_arrival_rooms_with_view, layout_basic, serial_shops,
          nicolae_shop_statue_plus, shapermc_ecumenical_altar_mp_vishouse
D:2:      layout_loops_ring
D:3:      layout_basic, minmay_diced_spiral, uniq_jessica, uniq_robin
D:4:      layout_rooms, minivault_27, uniq_crazy_yiuf_cottage
D:5:      layout_cave_pools
D:6:      layout_basic, nicolae_hepliaklqana_monster_ancestors,
          gammafunk_ghost_abyssal_escape
D:7:      layout_basic, mainiacjoe_overflow_concentric_impassable,
          nicolae_uskayaw_murder_on_the_dancefloor, minmay_temple_entry_grid,
          serial_bayou, serial_bayou_pond_e, serial_bayou_lake_a,
          serial_bayou_pond_d, serial_bayou_ford_a, serial_shops, shop
D:8:      layout_loops_ring
D:9:      layout_loops_ring, lemuel_doored_altar,
          nicolae_overflow_hidden_temple, mainiacjoe_overflow_alcove_4,
          mainiacjoe_overflow_boulevard, grunt_decor_arrowhead, uniq_erolcha,
          uniq_psyche
D:10:     nzn_winding_woodlands_three_and_one [nzn_winding_woodlands_5x15_pool,
          nzn_winding_woodlands_5x15_longhouse,
          nzn_winding_woodlands_5x15_parted,
          nzn_winding_woodlands_center_pierced_h], layout_basic, zin_academy,
          minmay_starry_boxes, uniq_snorg
Temple:   cyrus_circular_temple

Skill      XL: |  1  2  3  4  5  6  7  8  9 10 11 |
---------------+----------------------------------+-----
Air Magic      | 4 5 6 8 9 11 13 14 15 | 15.8
Dodging        | 2 |  2.1
Fighting       | 1 |  1.0
Spellcasting   | 4 6 |  6.0
Conjurations   | 5 7 |  7.7
Stealth        | |  1.7

Action                   |  1- 3 |  4- 6 |  7- 9 | 10-12 || total
-------------------------+-------+-------+-------+-------++-------
Melee: Whip              |    20 |    10 |       |       ||    30
       Tailslap          |     3 |     8 |     7 |     9 ||    27
       Spear             |       |    34 |    46 |    90 ||   170
       Dagger            |       |    14 |    12 |       ||    26
       Unarmed           |       |       |       |     2 ||     2
 Cast: Shock             |    76 |   122 |    59 |       ||   257
       Airstrike         |       |       |    84 |   152 ||   236
Invok: Call Merchant     |       |       |       |     1 ||     1
 Abil: Breathe Fire      |       |       |    12 |    15 ||    27
  Use: Scroll            |       |     9 |     3 |     7 ||    19
 Stab: Distracted        |     1 |       |       |       ||     1
       Sleeping          |       |       |       |     1 ||     1
Armor: Skin              |    15 |    27 |    20 |    80 ||   142
Dodge: Dodged            |    23 |    39 |    38 |    78 ||   178
Block: Other             |       |    25 |    13 |    35 ||    73
       Reflection        |       |     1 |       |     3 ||     4
